 Dungeon Crawl Stone Soup version 0.18.1-5-g4a78601 (webtiles) character file.

2849 Arkorax the Martial Artist (level 9, -5/51 HPs)
             Began as a Vine Stalker Monk on May 14, 2016.
             Was a Priest of Qazlal.
             Killed from afar by removeelyvilon's ghost (18 damage)
             ... with a bolt of negative energy
             ... on level 7 of the Dungeon.
             The game lasted 00:09:24 (5206 turns).

Arkorax the Martial Artist (Vine Stalker Monk)      Turns: 5206, Time: 00:09:24

Health: -5/51      AC:  9    Str: 16    XL:     9   Next: 74%
Magic:  0/13       EV: 11    Int: 10    God:    Qazlal [***...]
Gold:   412        SH:  4    Dex: 18    Spells: 0 memorised, 8 levels left

rFire  . . .     SeeInvis .       - Unarmed
rCold  . . .     Gourm    +     C - +3 leather armour of Yciklun {rPois}
rNeg   . . .     Faith    .     (no shield)
rPois  +         Spirit   +     B - +1 helmet
rElec  .         Dismiss  .     (no cloak)
rCorr  .         Reflect  .     j - +0 pair of gloves
SustAt .         Harm     .     (no boots)
MR     +....                    u - amulet of the gourmand
Stlth  +.........               (no ring)
                                (no ring)

@: heavily drained, somewhat resistant to hostile enchantments, very unstealthy
A: fangs 3, regeneration 2, magic shield, antimagic bite, no device heal 3, rot
immunity
a: Upheaval, Elemental Force, Renounce Religion


You were on level 7 of the Dungeon.
You worshipped Qazlal.
Qazlal was most pleased with you.
You were completely stuffed.

You visited 1 branch of the dungeon, and saw 7 of its levels.

You collected 559 gold pieces.
You spent 147 gold pieces at shops.

Inventory:

Hand Weapons
 A - a +0 dagger of electrocution
 J - a +1 spear of distortion
Missiles
 K - a throwing net (quivered)
Armour
 j - a +0 pair of gloves (worn)
 o - a +1 robe of cold resistance
 B - a +1 helmet (worn)
 C - the +3 leather armour of Yciklun (worn) {rPois}
   (You bought it in a shop on level 5 of the Dungeon)

   It protects you from poison.
 L - a +0 buckler
Jewellery
 u - an amulet of the gourmand (around neck)
Wands
 r - a wand of teleportation (0/9)
 x - a wand of polymorph (16/24)
Scrolls
 c - 6 scrolls of remove curse {unknown}
 d - 5 scrolls of identify {unknown}
 e - 2 scrolls of enchant armour {unknown}
 f - 4 scrolls of teleportation {unknown}
 i - 3 scrolls of fear {unknown}
 l - 2 scrolls of immolation {unknown}
 n - 2 scrolls of noise {unknown}
 q - 2 scrolls of enchant weapon {unknown}
 t - 3 scrolls of magic mapping {unknown}
 y - a scroll of random uselessness {unknown}
 E - 2 scrolls of blinking {unknown}
 G - a scroll of fog {unknown}
Potions
 a - 2 potions of heal wounds {unknown}
 g - a potion of beneficial mutation {unknown}
 k - 2 potions of might {unknown}
 m - 2 potions of invisibility {unknown}
 v - a potion of agility {unknown}
 w - 2 potions of magic {unknown}
 z - 3 potions of curing {unknown}
 F - a potion of haste {unknown}
 H - a potion of resistance {unknown}
Books
 s - a book of Envenomations

   Spells                             Type                      Level
   a - Spider Form                    Transmutation/Poison         3
   b - Olgreb's Toxic Radiance        Poison                       4
   c - Alistair's Intoxication        Transmutation/Poison         5
   d - Poisonous Cloud                Conjuration/Poison/Air       6
Comestibles
 b - 3 bread rations
 h - 4 meat rations
 p - a royal jelly
 D - 5 chunks of flesh
 I - a slice of pizza


   Skills:
 * Level 7.8(6.0) Fighting
 - Level 2.4(0.8) Dodging
 - Level 2.4(0.8) Stealth
 * Level 10.0(8.1) Unarmed Combat
 + Level 4.7(3.0) Invocations


You had 8 spell levels left.
You didn't know any spells.

Dungeon Overview and Level Annotations

Branches:
Dungeon (7/15)             Temple (0/1) D:5

Altars:
Cheibriados
Dithmenos
Elyvilon
Makhleb
Nemelex Xobeh
Qazlal
Vehumet
Zin
The Shining One

Shops:
D:5 [

Annotations:
D:4 1 exclusion, Jessica
D:7 removeelyvilon's ghost, novice DrSu


Innate Abilities, Weirdness & Mutations

You have razor-sharp teeth.
You heal very quickly.
When hurt, damage is shared between your health and your magic reserves.
Your bite disrupts and absorbs the magic of your enemies.
Potions and wands cannot restore your health.
You are immune to rotting.


Message History

Aim: removeelyvilon's ghost (severely damaged, catching its breath) That beam is likely to hit you.
Continue anyway?
The ground shakes violently, spewing rubble!
The blast of rubble hits removeelyvilon's ghost.
Removeelyvilon's ghost is severely damaged.
Removeelyvilon's ghost hits you.
* * * LOW HITPOINT WARNING * * *
Unknown command.
Unknown command.
Unknown command.
Unknown command.
You don't have enough magic at the moment.
You hit removeelyvilon's ghost but do no damage.
Your bite misses removeelyvilon's ghost.
Removeelyvilon's ghost is severely damaged.
You closely miss removeelyvilon's ghost.
Removeelyvilon's ghost is severely damaged.
Removeelyvilon's ghost breathes negative energy at you.
The bolt of negative energy hits you!
You feel drained.
You die...

# ###########.#
.?......@WO.# #
....$...§#### .#
.........# #####.####
.........##### #........#
...........).# #......>.#
...%.....###.###§.....(.#
.[...)...# #..#..########
.........# ##...##
########## #..##


You could see an ogre and removeelyvilon's ghost.

Vanquished Creatures
  The ghost of dracos369 the Ducker, a novice MiWz of Makhleb (D:5)
  Sigmund (D:3)
  2 water moccasins
  A sky beast (D:6)
  An ice beast (D:6)
  4 ogres
  A centaur (D:7)
  A giant frog (D:6)
  A gnoll sergeant (D:7)
  10 wights
  A howler monkey (D:6)
  2 crimson imps
  A giant frog zombie (D:7)
  4 hounds
  A gnoll shaman (D:6)
  5 orc priests
  Ijyb (D:2)
  An iron imp (D:5)
  A giant frog skeleton (D:6)
  An iguana (D:5)
  3 orc wizards (D:4)
  Natasha (thrice) (D:2 D:3)
  3 worker ants
  A hound skeleton (D:6)
  Robin (D:2)
  7 gnolls
  10 adders
  2 shadow imps
  An ooze (D:6)
  A worm (D:2)
  A dart slug (D:2)
  6 giant geckos
  25 orcs
  A ball python (D:1)
  6 bats
  A giant cockroach (D:7)
  9 goblins (D:2)
  10 hobgoblins
  4 jackals (D:7)
  5 kobolds
  4 quokkas
  A giant gecko zombie (D:6)
  4 giant newts
  A quokka skeleton (D:6)
  11 rats
  A fungus (D:1)
163 creatures vanquished.

Notes
Turn   | Place    | Note
--------------------------------------------------------------
     0 | D:1      | Arkorax the Vine Stalker Monk began the quest for the Orb.
     0 | D:1      | Reached XP level 1. HP: 11/11 MP: 2/2
   135 | D:1      | Reached XP level 2. HP: 16/16 MP: 3/3
   779 | D:2      | Reached XP level 3. HP: 18/19 MP: 4/4
   942 | D:2      | Noticed Robin
   979 | D:2      | Reached skill level 5 in Unarmed Combat
  1131 | D:2      | Noticed Natasha
  1144 | D:2      | Killed Natasha
  1144 | D:2      | Reached XP level 4. HP: 4/24 MP: 2/5
  1186 | D:2      | Noticed Natasha
  1194 | D:2      | Killed Natasha
  1359 | D:2      | Noticed Ijyb
  1389 | D:2      | Killed Ijyb
  1389 | D:2      | Reached XP level 5. HP: 21/28 MP: 6/6
  1554 | D:2      | Found a white marble altar of Elyvilon.
  1555 | D:2      | Found a glowing golden altar of the Shining One.
  1556 | D:2      | Found a glowing silver altar of Zin.
  1566 | D:2      | Killed Robin
  1625 | D:3      | Noticed Sigmund
  1824 | D:3      | Killed Sigmund
  1824 | D:3      | Reached skill level 6 in Unarmed Combat
  1824 | D:3      | Gained mutation: You heal very quickly. [Vine Stalker growth]
  1824 | D:3      | Reached XP level 6. HP: 33/33 MP: 7/7
  1947 | D:3      | Found a burning altar of Makhleb.
  2010 | D:3      | Noticed Natasha
  2016 | D:3      | Killed Natasha
  2074 | D:3      | Reached skill level 7 in Unarmed Combat
  2299 | D:3      | Reached XP level 7. HP: 38/38 MP: 8/8
  2599 | D:4      | Found a stormy altar of Qazlal.
  2604 | D:4      | Became a worshipper of Qazlal Stormbringer
  2604 | D:4      | Reached * piety under Qazlal
  2604 | D:4      | Reached ** piety under Qazlal
  2633 | D:4      | Noticed Jessica
  2823 | D:4      | Reached skill level 1 in Invocations
  2922 | D:4      | Reached skill level 5 in Fighting
  3243 | D:5      | Entered Level 5 of the Dungeon
  3333 | D:5      | Noticed dracos369's ghost (novice MiWz)
  3352 | D:5      | Killed dracos369's ghost
  3352 | D:5      | Reached skill level 8 in Unarmed Combat
  3352 | D:5      | Gained mutation: You have razor-sharp teeth. [Vine Stalker growth]
  3352 | D:5      | Reached XP level 8. HP: 38/44 MP: 10/10
  3373 | D:5      | Found a snail-covered altar of Cheibriados.
  3398 | D:5      | Found a staircase to the Ecumenical Temple.
  3601 | D:5      | Found Reoluver's Antique Armour Shoppe.
  3614 | D:5      | Bought a transparent leather armour for 147 gold pieces
  3624 | D:5      | Identified the +3 leather armour of Yciklun {rPois} (You bought it in a shop on level 5 of the Dungeon)
  3663 | D:5      | Found a sparkling altar of Nemelex Xobeh.
  3777 | D:5      | Reached *** piety under Qazlal
  3914 | D:5      | Found a shadowy altar of Dithmenos.
  3914 | D:5      | Found a radiant altar of Vehumet.
  4175 | D:6      | Reached skill level 9 in Unarmed Combat
  4175 | D:6      | Reached XP level 9. HP: 35/49 MP: 6/12
  5112 | D:7      | Reached skill level 10 in Unarmed Combat
  5113 | D:7      | Reached **** piety under Qazlal
  5189 | D:7      | Noticed removeelyvilon's ghost (novice DrSu)
  5206 | D:7      | Killed from afar by removeelyvilon's ghost

Skill      XL: |  1  2  3  4  5  6  7  8  9 |
---------------+----------------------------+-----
Fighting       | 3 4 5 6 7 |  7.8
Unarmed Combat | 5 6 7 8 9 10 | 10.0
Invocations    | 2 3 4 |  4.7
Dodging        | |  2.4
Stealth        | |  2.4

Action                   |  1- 3 |  4- 6 |  7- 9 || total
-------------------------+-------+-------+-------++-------
Melee: Unarmed           |   121 |   105 |   359 ||   585
       Bite              |    35 |    27 |   128 ||   190
       Punch             |     8 |     5 |    15 ||    28
Invok: Upheaval          |       |       |     4 ||     4
Evoke: Wand              |       |       |     1 ||     1
 Stab: Sleeping          |     4 |     5 |       ||     9
       Distracted        |     1 |       |       ||     1
  Eat: Chunk             |     1 |     3 |    17 ||    21
       Meat ration       |       |       |     1 ||     1
Armor: Robe              |     6 |       |       ||     6
       Leather armour    |    16 |    18 |    96 ||   130
Dodge: Dodged            |    46 |    49 |   190 ||   285
Block: Other             |       |       |    37 ||    37
